 Dungeon Crawl Stone Soup version 0.22-a0-362-g535178c (webtiles) character file.

68 JeffiDaFish the Digger (level 4, -13/24 HPs)
             Began as a Gargoyle Earth Elementalist on Apr 21, 2018.
             Killed from afar by Ijyb (16 damage)
             ... with a wand of acid (5)
             ... on level 2 of the Dungeon.
             The game lasted 00:03:07 (1349 turns).

JeffiDaFish the Digger (GrEE)                       Turns: 1349, Time: 00:03:08

Health: -13/24     AC:  1    Str: 11    XL:     4   Next: 19%
Magic:  1/8        EV: 12    Int: 17    God:
Gold:   65         SH:  0    Dex: 10    Spells: 5/9 levels left

rFire    . . .     SeeInvis .   e - +0 dagger (elec)
rCold    . . .     Gourm    .   (no shield)
rNeg     + . .     Faith    .   c - +0 robe
rPois    ∞         Spirit   .   (no helmet)
rElec    +         Reflect  .   (no cloak)
rCorr    .         Harm     .   (no gloves)
MR       .....                  (no boots)
Stlth    ++........             (no amulet)
HPRegen  0.08/turn              (no ring)
MPRegen  0.11/turn              (no ring)

@: corroded
A: negative energy resistance 1, electricity resistance, unbreathing,
petrification resistance, rot immunity, AC +3
a: no special abilities


You were on level 2 of the Dungeon.
You were hungry.

You visited 1 branch of the dungeon, and saw 2 of its levels.

You collected 65 gold pieces.

Inventory:

Hand Weapons
 e - a +0 dagger of electrocution (weapon)
Missiles
 b - 89 stones (quivered)
Armour
 c - a +0 robe (worn)
Comestibles
 d - 3 rations


   Skills:
 - Level 1.5 Dodging
 - Level 2.1 Stealth
 + Level 3.1 Spellcasting
   Level 0.7 Transmutations
 + Level 4.9 Earth Magic


You had 5 spell levels left.
You knew the following spells:

 Your Spells              Type           Power        Failure   Level  Hunger
a - Sandblast             Erth           ###...       2%          1    None
b - Stone Arrow           Conj/Erth      ##....       19%         3    ###....


Dungeon Overview and Level Annotations

Branches:
Dungeon (2/15)

Altars:
Gozag
Nemelex Xobeh

Annotations:
D:2 Ijyb


Innate Abilities, Weirdness & Mutations

You are resistant to torment.
Your stone body is resilient. (AC +3)
You are immune to poison.
You resist negative energy. (rN+)
You are resistant to electric shocks. (rElec)
You can survive without breathing.
You are immune to petrification.
You are immune to rotting.


Message History

Ijyb is lightly wounded.
b - 90 stones Ijyb hits you but does no damage.
Casting: Sandblast (safe; 2% risk of failure)
Confirm with . or Enter, or press ? or * to list all spells.
Aiming: Sandblast (safe; 2% risk of failure)
Press: ? - help, Shift-Dir - straight line, f/p - Ijyb
Aim: Ijyb, wielding a dagger of electrocution, wearing a chain mail and carrying a wand of acid (7) (lightly wounded)
The blast of sand misses Ijyb.
The blast of sand misses the goblin.
The blast of sand hits the goblin.
You kill the goblin!
b - 89 stones Ijyb hits you with a dagger of electrocution.
Ijyb zaps a wand.
The bolt of acid hits you! The acid corrodes you!
You are splashed with acid!
The acid burns!
* * * LOW HITPOINT WARNING * * *
Ijyb zaps a wand.
The bolt of acid misses you.
Ijyb zaps a wand.
The bolt of acid hits you!
Ouch! That really hurt!
You die...

.#.....########'''#########......
##................#.......'......
##.)..............#.......#......
........#.##.######.#'##'##......
........#...........#.##.##......
........#.............##.##......
........#..#.#.....#####.##......
........#....#.###.# ....#+###.
......#.#...<#.#@#)# ... #.
......#.###..#.#.#.# ... #.
#.....#...g..#...#)# ..... #.
###.......#g.##g##.#+#... ... #
#.....gg#..#.g)......... ...
###8...g.8#.g##g##.....###
..#.....g.#.g##.##.....#
#.#8....g8#..##........#
..#.....g.#..##).......#


You could see Ijyb and 2 goblins.

Vanquished Creatures
  A hound zombie (D:2)
  2 adders (D:2)
  A worm (D:2)
  A leopard gecko (D:1)
  A ball python (D:2)
  2 giant cockroaches
  6 goblins
  2 hobgoblins
  7 kobolds
  A quokka (D:2)
  3 bats (D:1)
  A frilled lizard (D:1)
  2 rats (D:1)
30 creatures vanquished.

Notes
Turn   | Place    | Note
-------+----------+-------------------------------------------
     0 | D:1      | JeffiDaFish the Gargoyle Earth Elementalist began the quest for the Orb.
     0 | D:1      | Reached XP level 1. HP: 10/10 MP: 3/3
   127 | D:1      | Reached XP level 2. HP: 13/15 MP: 5/5
   190 | D:1      | Reached skill level 4 in Earth Magic
   742 | D:2      | Reached XP level 3. HP: 17/19 MP: 7/7
  1033 | D:2      | Learned a level 3 spell: Stone Arrow
  1249 | D:2      | Reached XP level 4. HP: 24/24 MP: 8/8
  1252 | D:2      | Found an opulent altar of Gozag.
  1282 | D:2      | Found a sparkling altar of Nemelex Xobeh.
  1311 | D:2      | Noticed Ijyb
  1349 | D:2      | Killed from afar by Ijyb

Vault maps used:
D:1:      dpeg_arrival_central
D:2:      kennysheep_the_goblin_king, nicolae_overflow_hidden_temple,
          nemelex_altar_shiori

Skill      XL: |  1  2  3 |
---------------+----------+-----
Earth Magic    | 4 |  4.9
Spellcasting   | 3 |  3.1
Dodging        | |  1.5
Stealth        | |  2.1
Transmutations | |  0.7

Action                   |  1- 3 |  4- 6 || total
-------------------------+-------+-------++-------
Melee: Dagger            |    74 |     7 ||    81
 Cast: Sandblast         |    10 |     8 ||    18
  Use: Scroll            |     4 |       ||     4
       Potion            |     1 |       ||     1
 Stab: Sleeping          |     2 |       ||     2
  Eat: Chunk             |     1 |       ||     1
Armor: Robe              |    21 |     3 ||    24
Dodge: Dodged            |    69 |     9 ||    78

Table legend:
 A = Spawn XP
 B = Non-spawn XP
 C = Spawn XP percentage of total XP
 D = Spawn monster count
 E = Non-spawn monster count
 F = Spawn count percentage of total count
 G = Total turns spent on level
                    A         B        C        D         E        F      G
               +---------+---------+-------+---------+---------+-------+---------
         Total |       0 |      98 |   0.0 |       0 |      30 |   0.0 |  1349
               +---------+---------+-------+---------+---------+-------+---------
           D:1 |       0 |      22 |   0.0 |       0 |      14 |   0.0 |   728
           D:2 |       0 |      76 |   0.0 |       0 |      16 |   0.0 |   621
               +---------+---------+-------+---------+---------+-------+---------
